 Dungeon Crawl Stone Soup version 0.30-a0-414-gcb316572d5 (webtiles) character file.

Game seed: 13727840717484594757

95 Midn8 the Chiller (level 4, -6/24 HPs)
             Began as a Gargoyle Ice Elementalist on Dec 7, 2022.
             Was a Follower of Sif Muna.
             Mangled by an orc
             ... wielding a +0 flail
              (7 damage)
             ... on level 3 of the Dungeon.
             The game lasted 00:06:46 (2769 turns).

Midn8 the Chiller (Gargoyle Ice Elementalist)       Turns: 2769, Time: 00:06:47

Health: -6/24      AC:  7    Str: 12    XL:     4   Next: 65%
Magic:  3/9        EV: 11    Int: 17    God:    Sif Muna [*.....]
Gold:   84         SH:  0    Dex: 10    Spells: 2/9 levels left

rFire   . . .      SeeInvis .    k - +0 quarterstaff
rCold   . . .      Faith    .    (shield currently unavailable)
rNeg    + . .      Spirit   .    a - +1 robe
rPois   ∞          Reflect  .    (no helmet)
rElec   +          Harm     .    (no cloak)
rCorr   .          Rampage  .    e - +0 pair of gloves
Will    .....                    (no boots)
Stlth   ++........               (no amulet)
HPRegen 0.24/turn                (no ring)
MPRegen 0.11/turn                (no ring)

@: freezing walls
A: sickness immunity, AC +3, negative energy resistance 1, electricity
resistance, torment resistance 1, petrification resistance
a: Renounce Religion, Channel Magic


You were on level 3 of the Dungeon.
You worshipped Sif Muna.
Sif Muna was aware of your devotion.
You visited 1 branch of the dungeon, and saw 3 of its levels.

You collected 84 gold pieces.

Inventory:

Hand Weapons
 h - a +1 short sword
 k - a +0 quarterstaff (weapon)
Missiles
 f - 2 curare-tipped darts
Armour
 a - a +1 robe (worn)
 e - a +0 pair of gloves (worn)
Jewellery
 c - an amulet of magic regeneration
Scrolls
 g - 2 scrolls of teleportation
 m - 4 scrolls of identify {unknown}
Potions
 b - a potion of magic
 d - a potion of might {unknown}
 i - a potion of curing {unknown}
 l - 2 potions of heal wounds {unknown}
Miscellaneous
 j - a piece from Xom's chessboard (15/15)


   Skills:
 - Level 1.5 Dodging
 - Level 2.1 Stealth
 - Level 3.3 Spellcasting
 + Level 5.0 Ice Magic


You had 2 spell levels left.
You knew the following spells:

 Your Spells              Type           Power      Damage    Failure   Level
a - Freeze                Ice            80%        1d9       2%          1
r - Frozen Ramparts       Ice            40%        1d7       6%          3
z - Ozocubu's Armour      Ice            20%        N/A       6%          3

Your spell library contained the following spells:

 Spells                   Type           Power      Damage    Failure   Level
 Summon Ice Beast         Ice/Summ       11%        N/A       52%         4


Dungeon Overview and Level Annotations

Branches:
Dungeon (3/15)

Altars:
Elyvilon
Sif Muna
Xom


Innate Abilities, Weirdness & Mutations

You are immune to sickness and miasma.
Your stone body is resilient. (AC +3)
You are immune to poison.
You resist negative energy. (rN+)
You are resistant to electric shocks. (rElec)
You are resistant to unholy torment.
You are immune to petrification.


Message History

Casting: Frozen Ramparts (quite dangerous; 6% risk of failure)
Confirm with . or Enter, or press ? or * to list all spells.
Aiming: Freeze (safe; 2% risk of failure)
Press: ? - help, Shift-Dir - straight line, f - orc priest
Aim: an orc priest, wielding a +0 hand axe and wearing a +0 ring mail (lightly wounded)
You freeze the orc priest.
The orc priest is lightly wounded.
The wall freezes the orc priest but does no damage.
The orc priest mumbles some strange prayers to Beogh against you.
Beogh smites you!
Ouch! That really hurt!
The wall freezes the orc but does no damage.
The wall freezes the orc!
You kill the orc!
Sif Muna accepts your kill.
Casting: Freeze (safe; 2% risk of failure)
Confirm with . or Enter, or press ? or * to list all spells.
Aiming: Freeze (safe; 2% risk of failure)
Press: ? - help, Shift-Dir - straight line, f/p - orc priest
Aim: an orc priest, wielding a +0 hand axe and wearing a +0 ring mail (lightly wounded)
You freeze the orc priest.
The orc priest is moderately wounded.
The wall freezes the orc priest but does no damage.
The orc priest looks encouraged for a moment.
The orc hits you with a +0 flail.
* * * LOW HITPOINT WARNING * * *
Unknown command.
Casting: Freeze (safe; 2% risk of failure)
Confirm with . or Enter, or press ? or * to list all spells.
Aiming: Freeze (safe; 2% risk of failure)
Press: ? - help, Shift-Dir - straight line, f/p - orc priest
Aim: an orc priest, wielding a +0 hand axe and wearing a +0 ring mail (moderately wounded)
You freeze the orc priest!
The orc priest is almost dead.
The wall freezes the orc priest but does no damage.
The orc priest mumbles some strange prayers to Beogh against you.
Pain shoots through your body!
* * * LOW HITPOINT WARNING * * *
The orc hits you with a +0 flail!
You die...

....†......###....# .. #..
...........###+##.#
.....#.............####.....#
.....#....o..####.....#.....#
##...#...... ###.....#......
#.......... #...[...#......
#.......##### #..............
#.......#...###............#.
#.........)@o...............
#...........o...............
.######................#.......
........##.....................
........##.............##.....# .
........##.........#...##.##...
...##................##........##
..............##.######......###
.##...........'..# #......#


You could see an orc priest and an orc.

Vanquished Creatures
  4 adders (D:2)
  2 worms (D:2)
  3 orcs (D:3)
  5 endoplasms
  A giant cockroach (D:1)
  6 goblins
  4 hobgoblins
  7 jackals (D:2)
  2 ball pythons
  6 bats
  4 frilled lizards
  4 kobolds
  2 rats (D:2)
  A butterfly (D:3)
51 creatures vanquished.

Vanquished Creatures (others)
  2 fungi (D:3)
2 creatures vanquished.

Grand Total: 53 creatures vanquished

Notes
Turn   | Place    | Note
-------+----------+-------------------------------------------
     0 | D:1      | Midn8 the Gargoyle Ice Elementalist began the quest for the
                  | Orb.
     0 | D:1      | Reached XP level 1. HP: 10/10 MP: 3/3
   266 | D:1      | Reached XP level 2. HP: 15/15 MP: 3/5
  1352 | D:2      | Reached XP level 3. HP: 19/19 MP: 3/7
  1414 | D:2      | Found a faded altar of an unknown god.
  1609 | D:2      | Learned a level 3 spell: Frozen Ramparts
  1613 | D:2      | Learned a level 3 spell: Ozocubu's Armour
  1733 | D:2      | Found a white marble altar of Elyvilon.
  1874 | D:2      | Reached XP level 4. HP: 21/24 MP: 1/9
  1981 | D:2      | Prayed at the altar of an unknown god.
  1981 | D:2      | Became a worshipper of Sif Muna the Loreminder
  1981 | D:2      | Reached * piety under Sif Muna
  2631 | D:3      | Found a shimmering altar of Xom.
  2670 | D:3      | Reached skill level 5 in Ice Magic
  2769 | D:3      | HP: 1/24 [orc priest/nerve-wracking pain (4)]
  2769 | D:3      | Mangled by an orc

Illustrated notes

Levels and vault maps discovered:
D:1:      minmay_arrival_solitary_statue, layout_basic, serial_bayou_pond_e,
          chequers_jeans, corexii_corridor_pit
D:2:      layout_loops_ring, chequers_ecumenical_altar_simple, basic_altar,
          minmay_curled_crystal
D:3:      minmay_recursive_quarters, layout_basic,
          mainiacjoe_overflow_boulevard, xom_butterflies

Skill      XL: |  1  2  3  4 |
---------------+-------------+-----
Spellcasting   | 3 |  3.3
Ice Magic      | 5 |  5.0
Dodging        | |  1.5
Stealth        | |  2.1

Action                   |  1- 3 |  4- 6 || total
-------------------------+-------+-------++-------
Melee: Unarmed           |     1 |       ||     1
       Short sword       |       |     4 ||     4
 Cast: Freeze            |    51 |    25 ||    76
       Frozen Ramparts   |       |     3 ||     3
  Use: Scroll            |       |     5 ||     5
 Stab: Sleeping          |       |     1 ||     1
Armor: Robe              |    12 |     7 ||    19
Dodge: Dodged            |    15 |    15 ||    30

Table legend: (Time is in decaauts)
 A = Elapsed time spent in this place.
 B = Non-inter-level travel time spent in this place.
 C = Inter-level travel time spent in this place.
 D = Time resting spent in this place.
 E = Time spent auto-exploring this place.
 F = Levels seen in this place.
 G = Mean time per level.
                   A        B        C        D        E       F      G
               +--------+--------+--------+--------+--------+-----+--------+
         Total |   2771 |   2709 |     62 |    742 |   1482 |   3 |  923.7 |
       Dungeon |   2771 |   2709 |     62 |    742 |   1482 |   3 |  923.7 |
               +--------+--------+--------+--------+--------+-----+--------+

Top non-repeatable levels by time:
     D:2: 1273 daAuts
     D:1: 1058 daAuts
     D:3: 440 daAuts
